SAA
LITTLE CAESARS HOT N READYS @ LANNISTER UNITED LIONHEARTS
08/23/2034
 
TOP OF THE 1ST
Little Caesars Hot N Readys batting - Pitching for Lannister United Lionhearts : RHP Carl MacPherson
Pitching: RHP Carl MacPherson
Batting: RHB Troy Ross 0-0: Called Strike
0-1: Ball
1-1: Foul Ball, location: 2F
1-2: Ball
2-2: Ball
3-2: DOUBLE (Flyball, 89D)
Batting: RHB Tomas van Noord 0-0: Swinging Strike
0-1: Ball
1-1: Called Strike
1-2: Hit by Pitch
Batting: RHB Cornelio Japón 0-0: Foul Ball, location: 2F
0-1: Ball
1-1: Foul Ball, location: 2F
1-2: Ball
2-2: Ball
3-2: Fly out, F7 (Flyball, 7)
Batting: SHB Robby Patterson 0-0: Foul Ball, location: 2F
0-1: Ball
1-1: Foul Ball, location: 2F
1-2: Ball
2-2: Fly out, F6 (Popup, 6M)
Batting: SHB Ezequiel Oacia 0-0: Ball
1-0: Ball
2-0: Called Strike
2-1: Swinging Strike
2-2: Ground out 4-3 (Groundball, 4)
Top of the 1st over - 0 runs, 1 hit, 0 errors, 2 left on base; Little Caesars 0 - Lannister United 0
BOTTOM OF THE 1ST
Lannister United Lionhearts batting - Pitching for Little Caesars Hot N Readys : RHP Jason Hartridge
Pitching: RHP Jason Hartridge
Batting: RHB Dejmi Dumervil 0-0: Ball
1-0: Ball
2-0: Foul Ball, location: 2F
2-1: SINGLE (Line Drive, 3D)
Batting: LHB Dave Watts 0-0: Foul Ball, location: 2F
0-1: Grounds into double play, 6-4-3 (Groundball, 6)
Batting: SHB Gerrie Bond 0-0: Called Strike
0-1: Ball
1-1: Ball
2-1: Ball
3-1: Base on Balls
Batting: RHB Gilberto Clemente 0-0: Called Strike
0-1: Ball
1-1: Called Strike
1-2: Ball
2-2: Foul Ball, location: 2F
2-2: DOUBLE (Flyball, 89D)
Gerrie Bond to third
Batting: LHB Michael Witt 0-0: Ball
1-0: Ball
2-0: Fly out, F7 (Flyball, 7LSF)
Bottom of the 1st over - 0 runs, 2 hits, 0 errors, 2 left on base; Little Caesars 0 - Lannister United 0
TOP OF THE 2ND
Little Caesars Hot N Readys batting - Pitching for Lannister United Lionhearts : RHP Carl MacPherson
Batting: SHB Quentin Harrop 0-0: Called Strike
0-1: Called Strike
0-2: Ball
1-2: Ball
2-2: Ball
3-2: Foul Ball, location: 2F
3-2: Strikes out swinging
Batting: SHB Jorge Iglésias 0-0: Ball
1-0: Ball
2-0: Ball
3-0: Called Strike
3-1: Ground out 5-3 (Groundball, 56)
Batting: RHB Diego Martínez 0-0: Swinging Strike
0-1: Foul Ball, location: 2F
0-2: Ball
1-2: Ball
2-2: Foul Ball, location: 2F
2-2: Ball
3-2: Strikes out swinging
Top of the 2nd over - 0 runs, 0 hits, 0 errors, 0 left on base; Little Caesars 0 - Lannister United 0
BOTTOM OF THE 2ND
Lannister United Lionhearts batting - Pitching for Little Caesars Hot N Readys : RHP Jason Hartridge
Batting: RHB Mitsuhide Bando 0-0: Foul Ball, location: 2F
0-1: Foul Ball, location: 2F
0-2: SINGLE (Groundball, 56) (infield hit)
Batting: RHB Riley Walker 0-0: Called Strike
0-1: Ball
1-1: Fly out, F7 (Flyball, 78M)
Batting: RHB Gonzalo Vásquez 0-0: Called Strike
0-1: Ball
1-1: Ball
2-1: Ball
3-1: Called Strike
3-2: Foul Ball, location: 2F
3-2: Grounds into double play, 6-4-3 (Groundball, 6)
Bottom of the 2nd over - 0 runs, 1 hit, 0 errors, 0 left on base; Little Caesars 0 - Lannister United 0
TOP OF THE 3RD
Little Caesars Hot N Readys batting - Pitching for Lannister United Lionhearts : RHP Carl MacPherson
Batting: RHB Jaxon Dube 0-0: Ball
1-0: Ball
2-0: Fly out, F9 (Line Drive, 9S)
Batting: RHB Troy Ross 0-0: Ball
1-0: Swinging Strike
1-1: Ball
2-1: Called Strike
2-2: Foul Ball, location: 2F
2-2: Strikes out looking
Batting: RHB Tomas van Noord 0-0: Ball
1-0: SINGLE (Groundball, 6MD)
Batting: RHB Cornelio Japón 0-0: Ball
Tomas van Noord steals 2nd base
1-0: Ball
2-0: Ball
3-0: Called Strike
3-1: Foul Ball, location: 2F
3-2: Strikes out swinging
Top of the 3rd over - 0 runs, 1 hit, 0 errors, 1 left on base; Little Caesars 0 - Lannister United 0
BOTTOM OF THE 3RD
Lannister United Lionhearts batting - Pitching for Little Caesars Hot N Readys : RHP Jason Hartridge
Batting: SHB Curt Deal 0-0: Fly out, F8 (Flyball, 8LXD)
Batting: RHB Dejmi Dumervil 0-0: Bunted foul
0-1: Called Strike
0-2: Ball
1-2: Foul Ball, location: 2F
1-2: Ball
2-2: DOUBLE (Line Drive, 7LM)
Batting: LHB Dave Watts 0-0: Ball
1-0: Called Strike
1-1: Ball
2-1: Ball
3-1: Foul Ball, location: 2F
3-2: Base on Balls
Batting: SHB Gerrie Bond 0-0: Ball
1-0: Called Strike
1-1: SINGLE (Line Drive, 6D)
Dejmi Dumervil to third
Dave Watts to second
Runner from 3rd tries for Home, SAFE, throw made home
Batting: RHB Gilberto Clemente 0-0: Called Strike
0-1: Fly out, F5 (Popup, 25F)
Batting: LHB Michael Witt 0-0: Called Strike
0-1: TRIPLE (Line Drive, 78XD)
Dave Watts scores
Gerrie Bond scores
Batting: RHB Mitsuhide Bando 0-0: Called Strike
0-1: Fly out, F8 (Line Drive, 8RM)
Bottom of the 3rd over - 3 runs, 3 hits, 0 errors, 1 left on base; Little Caesars 0 - Lannister United 3
TOP OF THE 4TH
Little Caesars Hot N Readys batting - Pitching for Lannister United Lionhearts : RHP Carl MacPherson
Batting: SHB Robby Patterson 0-0: Ball
1-0: Ball
2-0: Called Strike
2-1: Foul Ball, location: 2F
2-2: Foul Ball, location: 2F
2-2: Ball
3-2: Base on Balls
Batting: SHB Ezequiel Oacia 0-0: Foul Ball, location: 2F
0-1: Ball
1-1: Ball
2-1: SINGLE (Flyball, 78S)
Robby Patterson to second
Batting: SHB Quentin Harrop 0-0: SINGLE (Line Drive, 8RS)
Robby Patterson to third
Ezequiel Oacia to second
Batting: SHB Jorge Iglésias 0-0: Called Strike
0-1: Fly out, F8 (Flyball, 78D)
Throwing error, E8
Robby Patterson scores
Ezequiel Oacia to third
Quentin Harrop to second
Batting: RHB Diego Martínez 0-0: Ball
1-0: Ball
2-0: Ball
3-0: Base on Balls
Batting: RHB Jaxon Dube 0-0: Called Strike
0-1: Foul Ball, location: 2F
0-2: Ball
1-2: Foul Ball, location: 2F
1-2: SINGLE (Line Drive, 9LS)
Ezequiel Oacia scores
Quentin Harrop to third
Diego Martínez to second
Runner from 3rd tries for Home, SAFE, no throw
Batting: RHB Troy Ross 0-0: Swinging Strike
0-1: Foul Ball, location: 2F
0-2: Fielders Choice at 2nd, 6-4 (Groundball, 6)
Diego Martínez to third
Batting: RHB Tomas van Noord 0-0: Ball
1-0: Ball
2-0: Called Strike
2-1: Fly out, F9 (Flyball, 9LM)
Top of the 4th over - 3 runs, 3 hits, 1 error, 2 left on base; Little Caesars 3 - Lannister United 3
BOTTOM OF THE 4TH
Lannister United Lionhearts batting - Pitching for Little Caesars Hot N Readys : RHP Jason Hartridge
Batting: RHB Riley Walker 0-0: Ball
1-0: SINGLE (Groundball, 4MD)
Batting: RHB Gonzalo Vásquez 0-0: Called Strike
0-1: Ball
1-1: Ball
2-1: Grounds into double play, 6-4-3 (Groundball, 6)
Batting: SHB Curt Deal 0-0: Ball
1-0: Ground out U3 (Groundball, 3)
Bottom of the 4th over - 0 runs, 1 hit, 0 errors, 0 left on base; Little Caesars 3 - Lannister United 3
TOP OF THE 5TH
Little Caesars Hot N Readys batting - Pitching for Lannister United Lionhearts : RHP Carl MacPherson
Batting: RHB Cornelio Japón 0-0: Called Strike
0-1: Fly out, F6 (Popup, 6)
Batting: SHB Robby Patterson 0-0: Swinging Strike
0-1: Ball
1-1: Called Strike
1-2: Foul Ball, location: 2F
1-2: Strikes out swinging
Batting: SHB Ezequiel Oacia 0-0: Ball
1-0: Ball
2-0: Called Strike
2-1: Ball
3-1: SINGLE (Groundball, 4M) (infield hit)
Batting: SHB Quentin Harrop 0-0: Fly out, F8 (Flyball, 89M)
Top of the 5th over - 0 runs, 1 hit, 0 errors, 1 left on base; Little Caesars 3 - Lannister United 3
BOTTOM OF THE 5TH
Lannister United Lionhearts batting - Pitching for Little Caesars Hot N Readys : RHP Jason Hartridge
Batting: RHB Dejmi Dumervil 0-0: Called Strike
0-1: SINGLE (Line Drive, 8LS)
Batting: LHB Dave Watts 0-0: Sac Bunt - play at first, batter OUT! 1-3
Dejmi Dumervil to second
Batting: SHB Gerrie Bond 0-0: Intentional Walk
Batting: RHB Gilberto Clemente 0-0: Ball
1-0: Ball
2-0: Called Strike
2-1: Ground out 5-3 (Groundball, 56S)
Dejmi Dumervil to third
Gerrie Bond to second
Batting: LHB Michael Witt 0-0: Foul Ball, location: 2F
0-1: Swinging Strike
0-2: Ball
1-2: Strikes out swinging
Bottom of the 5th over - 0 runs, 1 hit, 0 errors, 2 left on base; Little Caesars 3 - Lannister United 3
TOP OF THE 6TH
Little Caesars Hot N Readys batting - Pitching for Lannister United Lionhearts : RHP Carl MacPherson
Pitching: RHP Van Lapointe
Batting: SHB Jorge Iglésias 0-0: Ball
1-0: Ball
2-0: Foul Ball, location: 2F
2-1: Called Strike
2-2: SOLO HOME RUN (Flyball, 9LD), Distance : 356 ft
Batting: RHB Diego Martínez 0-0: Called Strike
0-1: Called Strike
0-2: Ground out 5-3 (Groundball, 5)
Batting: RHB Jaxon Dube 0-0: Ground out 6-3 (Groundball, 6)
Batting: RHB Troy Ross 0-0: Swinging Strike
0-1: Called Strike
0-2: Fly out, F9 (Flyball, 9LM)
Top of the 6th over - 1 run, 1 hit, 0 errors, 0 left on base; Little Caesars 4 - Lannister United 3
BOTTOM OF THE 6TH
Lannister United Lionhearts batting - Pitching for Little Caesars Hot N Readys : RHP Jason Hartridge
Batting: RHB Mitsuhide Bando 0-0: Called Strike
0-1: Ball
1-1: Ball
2-1: Called Strike
2-2: Strikes out swinging
Batting: RHB Riley Walker 0-0: Ball
1-0: Ball
2-0: SINGLE (Line Drive, 9LS)
Batting: RHB Gonzalo Vásquez 0-0: Ball
1-0: SINGLE (Line Drive, 56D)
Riley Walker to second
Batting: SHB Curt Deal 0-0: Ball
1-0: Swinging Strike
1-1: Foul Ball, location: 2F
1-2: Strikes out swinging
Batting: RHB Dejmi Dumervil 0-0: Called Strike
0-1: Called Strike
0-2: Strikes out swinging
Bottom of the 6th over - 0 runs, 2 hits, 0 errors, 2 left on base; Little Caesars 4 - Lannister United 3
TOP OF THE 7TH
Little Caesars Hot N Readys batting - Pitching for Lannister United Lionhearts : RHP Van Lapointe
Batting: RHB Tomas van Noord 0-0: Ball
1-0: Ball
2-0: Swinging Strike
2-1: Foul Ball, location: 2F
2-2: Strikes out swinging
Batting: RHB Cornelio Japón 0-0: Called Strike
0-1: Called Strike
0-2: Ball
1-2: Ball
2-2: Ball
3-2: Foul Ball, location: 2F
3-2: Base on Balls
Batting: SHB Robby Patterson 0-0: Foul Ball, location: 2F
0-1: Ball
1-1: Ball
2-1: Foul Ball, location: 2F
2-2: Ball
3-2: Strikes out swinging
Batting: SHB Ezequiel Oacia 0-0: Ball
1-0: Fielders Choice at 2nd, 5-4 (Groundball, 6)
Top of the 7th over - 0 runs, 0 hits, 0 errors, 1 left on base; Little Caesars 4 - Lannister United 3
BOTTOM OF THE 7TH
Lannister United Lionhearts batting - Pitching for Little Caesars Hot N Readys : RHP Jason Hartridge
Batting: LHB Dave Watts 0-0: Ball
1-0: Fly out, F8 (Flyball, 8LS)
Batting: SHB Gerrie Bond 0-0: Ball
1-0: Called Strike
1-1: Ball
2-1: Ground out 6-3 (Groundball, 6)
Batting: RHB Gilberto Clemente 0-0: Foul Ball, location: 2F
0-1: Foul Ball, location: 2F
0-2: SINGLE (Line Drive, 6MD)
Batting: LHB Michael Witt 0-0: Ball
1-0: Ball
2-0: Ground out 4-3 (Groundball, 4)
Bottom of the 7th over - 0 runs, 1 hit, 0 errors, 1 left on base; Little Caesars 4 - Lannister United 3
TOP OF THE 8TH
Little Caesars Hot N Readys batting - Pitching for Lannister United Lionhearts : RHP Van Lapointe
Batting: SHB Quentin Harrop 0-0: Ball
1-0: Ground out 4-3 (Groundball, 4)
Batting: SHB Jorge Iglésias 0-0: Swinging Strike
0-1: Ball
1-1: Ball
2-1: Foul Ball, location: 2F
2-2: Ground out U3 (Groundball, 34S)
Batting: RHB Diego Martínez 0-0: Foul Ball, location: 2F
0-1: Ground out 3-1 (Groundball, 34)
Top of the 8th over - 0 runs, 0 hits, 0 errors, 0 left on base; Little Caesars 4 - Lannister United 3
BOTTOM OF THE 8TH
Lannister United Lionhearts batting - Pitching for Little Caesars Hot N Readys : RHP Jason Hartridge
Now at SS: Adam Jensson
Now in RF: Juan Martínez
Batting: RHB Mitsuhide Bando 0-0: Fly out, F8 (Flyball, 78D)
Batting: RHB Riley Walker 0-0: Foul Ball, location: 2F
0-1: Foul Ball, location: 2F
0-2: Ball
1-2: Ball
2-2: Ball
3-2: Foul Ball, location: 2F
3-2: Strikes out looking
Batting: RHB Gonzalo Vásquez 0-0: DOUBLE (Flyball, 78D)
Batting: SHB Curt Deal 0-0: Fly out, F9 (Line Drive, 9LM)
Bottom of the 8th over - 0 runs, 1 hit, 0 errors, 1 left on base; Little Caesars 4 - Lannister United 3
TOP OF THE 9TH
Little Caesars Hot N Readys batting - Pitching for Lannister United Lionhearts : RHP Van Lapointe
Pitching: RHP Kliment Spirk
Batting: RHB Jaxon Dube 0-0: Ball
1-0: Fly out, F8 (Line Drive, 8LD)
Batting: RHB Troy Ross 0-0: Ball
1-0: Fly out, F9 (Line Drive, 89M)
Batting: RHB Tomas van Noord 0-0: Reached on error, E6 (Groundball, 6)
Pinch Hitting: LHB Manuel Estrada 0-0: Called Strike
0-1: Swinging Strike
0-2: Ball
1-2: Strikes out swinging, 2-3 out at first.
Top of the 9th over - 0 runs, 0 hits, 1 error, 1 left on base; Little Caesars 4 - Lannister United 3
BOTTOM OF THE 9TH
Lannister United Lionhearts batting - Pitching for Little Caesars Hot N Readys : RHP Jason Hartridge
Pitching: RHP Peter Livengood
Now at C: Victor Schuur
Now in LF: Manuel Estrada
Batting: RHB Dejmi Dumervil 0-0: Fly out, F6 (Line Drive, 56)
Batting: LHB Dave Watts 0-0: Ball
1-0: Called Strike
1-1: Ball
2-1: Ball
3-1: Called Strike
3-2: Strikes out swinging
Batting: SHB Gerrie Bond 0-0: Fly out, F8 (Flyball, 8LXD)
Bottom of the 9th over - 0 runs, 0 hits, 0 errors, 0 left on base; Little Caesars 4 - Lannister United 3
Friday, March 29th, 2019 - OOTP Baseball 18.8 Build 76